 Dungeon Crawl Stone Soup version 0.27-a0-1147-gb3d8e82157 (webtiles) character file.

Game seed: 4050930942041068675

858 st0uf the Ruffian (level 7, -6/55 HPs)
             Began as a Grey Draconian Transmuter on May 11, 2021.
             Was a Follower of Okawaru.
             Mangled by a gnoll sergeant
             ... wielding a +0 trident
              (11 damage)
             ... on level 5 of the Dungeon.
             The game lasted 00:16:01 (5000 turns).

st0uf the Ruffian (Grey Draconian Transmuter)       Turns: 5000, Time: 00:16:02

Health: -6/55      AC: 14    Str: 13    XL:     7   Next: 71%
Magic:  10/13      EV: 12    Int: 15    God:    Okawaru [*.....]
Gold:   251        SH:  0    Dex: 11    Spells: 8/14 levels left

rFire    . . .     SeeInvis .     - Unarmed
rCold    . . .     Faith    .   (no shield)
rNeg     . . .     Spirit   .   (armour unavailable)
rPois    +         Reflect  .   (helmet currently unavailable)
rElec    .         Harm     .   s - +0 cloak
rCorr    .         Rampage  .   n - +1 pair of gloves
Will     .....                  (boots currently unavailable)
Stlth    ++........             (no amulet)
HPRegen  0.18/turn              p - ring of poison resistance
MPRegen  0.13/turn              (no ring)

@: appendages (expiring)
A: horns 2, talons 2, AC +11, amphibious, unfitting armour, cold-blooded
a: End Transformation, Renounce Religion, Heroism


You were on level 5 of the Dungeon.
You worshipped Okawaru.
Okawaru was aware of your devotion.
You had temporarily grown beastly horns and talons.
You visited 1 branch of the dungeon, and saw 5 of its levels.

You collected 251 gold pieces.

Inventory:

Hand Weapons
 m - a +4 dagger of venom
Missiles
 b - 149 stones (quivered)
Armour
 n - a +1 pair of gloves (worn)
 o - a +0 pair of boots (melded)
 s - a +0 cloak (worn)
Magical Staves
 f - a staff of earth
Jewellery
 p - a ring of poison resistance (left hand)
Wands
 u - a wand of charming (7)
Scrolls
 c - 4 scrolls of identify {unknown}
 d - a scroll of enchant armour {unknown}
 g - 3 scrolls of magic mapping {unknown}
 j - a scroll of brand weapon {unknown}
 k - a scroll of vulnerability {unknown}
 l - a scroll of noise {unknown}
 r - 2 scrolls of teleportation {unknown}
 t - a scroll of torment {unknown}
Potions
 a - 2 potions of might {unknown}
 e - a potion of curing {unknown}
 h - a potion of invisibility {unknown}
 i - a potion of flight {unknown}
 q - a potion of brilliance {unknown}


   Skills:
 + Level 2.1 Fighting
 - Level 0.1 Short Blades
 + Level 3.5 Dodging
 + Level 1.2 Stealth
 + Level 6.0 Unarmed Combat
 + Level 4.4 Spellcasting
 + Level 3.7 Transmutations


You had 8 spell levels left.
You knew the following spells:

 Your Spells              Type           Power      Damage    Failure   Level
a - Beastly Appendage     Tmut           28%        N/A       3%          1
b - Wereblood             Tmut           14%        N/A       5%          2
c - Spider Form           Tmut/Pois      4%         N/A       24%         3

Your spell library contained the following spells:

 Spells                   Type           Power      Damage    Failure   Level
 Corona                   Hex            3%         N/A       17%         1
 Slow                     Hex            3%         N/A       26%         2
 Inner Flame              Hex/Fire       3%         N/A       45%         3
 Portal Projectile        Hex/Tloc       6%         N/A       45%         3
 Ice Form                 Ice/Tmut       8%         N/A       63%         4
 Hydra Form               Tmut           7%         N/A       71%         5
 Cause Fear               Hex            1%         N/A       86%         4
 Leda's Liquefaction      Hex/Erth       1%         N/A       86%         4


Dungeon Overview and Level Annotations

Branches:
Dungeon (5/15)
 Temple: D:4-7

Altars:
Hepliaklqana
Okawaru
Trog
Vehumet
Yredelemnul

Annotations:
D:3 exclusion: door, Grinder


Innate Abilities, Weirdness & Mutations

You have temporarily grown beastly horns and talons.
Your dull iron-grey scales are very hard. (AC +11)
You are amphibious.
You cannot fit into any form of body armour.
You are cold-blooded and may be slowed by cold attacks.


Message History

The gnoll sergeant completely misses you.
You hit the gnoll sergeant.
You punch the gnoll sergeant, but do no damage.
The gnoll sergeant is moderately wounded.
Casting: Beastly Appendage (safe; 3% risk of failure)
Confirm with . or Enter, or press ? or * to list all spells.
You grow a pair of large bovine horns.
Your feet morph into talons.
Your +0 pair of boots melds into your body.
The gnoll sergeant hits you but does no damage.
You hit the gnoll sergeant.
You claw the gnoll sergeant, but do no damage.
The gnoll sergeant is heavily wounded.
The gnoll sergeant hits you but does no damage.
You hit the gnoll sergeant but do no damage.
You claw the gnoll sergeant.
The gnoll sergeant is heavily wounded.
Your transformation is almost over.
The gnoll sergeant hits you with a +0 trident!
* * * LOW HITPOINT WARNING * * *
You hit the gnoll sergeant.
The gnoll sergeant is heavily wounded.
The gnoll sergeant completely misses you.
You hit the gnoll sergeant.
You claw the gnoll sergeant, but do no damage.
You tail-slap the gnoll sergeant, but do no damage.
The gnoll sergeant is heavily wounded.
The gnoll sergeant barely misses you.
You hit the gnoll sergeant but do no damage.
You claw the gnoll sergeant.
You punch the gnoll sergeant, but do no damage.
The gnoll sergeant is severely wounded.
You feel like a meek peon again.
You barely miss the gnoll sergeant. Your kick misses the gnoll sergeant.
You headbutt the gnoll sergeant.
The gnoll sergeant is severely wounded.
The gnoll sergeant closely misses you.
You closely miss the gnoll sergeant. Your kick misses the gnoll sergeant.
The gnoll sergeant is severely wounded.
The gnoll sergeant hits you with a +0 trident!
You die...

g.# o.# ####### ..# .
....... .. #..##.....[
.##+ '##.$. #.......
....#####.[...# #.......
#....@g.##. #.......
##......##.####.......
##.....##............
#......##............
#....##.####.....#......
#.### #.# #.....##.....
# #.# #.....######.
####)####o....# .
#.......#.....#


You could see a gnoll sergeant.

Vanquished Creatures
  An ice beast (D:2)
  A necrophage (D:5)
  A phantom (D:5)
  A bullfrog (D:5)
  A scorpion (D:4)
  A water moccasin skeleton (D:5)
  A centaur zombie (D:5)
  3 hounds
  5 iguanas
  Jessica (D:2)
  A hound skeleton (D:5)
  A gnoll (D:1)
  4 adders
  An ufetubus (D:5)
  An adder skeleton (D:4)
  3 dart slugs
  7 orcs
  4 bats
  8 endoplasms
  2 giant cockroaches (D:4)
  7 goblins
  A hobgoblin (D:1)
  14 jackals
  7 kobolds
  2 quokkas
  6 ball pythons
  2 rats (D:3)
87 creatures vanquished.

Vanquished Creatures (others)
  11 plants (D:2)
11 creatures vanquished.

Grand Total: 98 creatures vanquished

Notes
Turn   | Place    | Note
-------+----------+-------------------------------------------
     0 | D:1      | st0uf the Draconian Transmuter began the quest for the Orb.
     0 | D:1      | Reached XP level 1. HP: 16/16 MP: 3/3
   222 | D:1      | Reached XP level 2. HP: 21/23 MP: 3/5
   795 | D:1      | Reached XP level 3. HP: 28/28 MP: 4/6
   881 | D:1      | Learned a level 2 spell: Wereblood
   930 | D:1      | Found a faded altar of an unknown god.
  1413 | D:2      | Noticed an ice beast
  1517 | D:2      | Noticed Jessica
  1734 | D:2      | Killed Jessica
  1735 | D:2      | Reached skill level 4 in Unarmed Combat
  1735 | D:2      | Reached XP level 4. HP: 14/35 MP: 5/8
  2024 | D:2      | Killed an ice beast
  2025 | D:2      | Reached XP level 5. HP: 15/40 MP: 9/9
  2255 | D:2      | Learned a level 3 spell: Spider Form
  2858 | D:3      | Found a hazy altar of Hepliaklqana.
  3178 | D:3      | Found a radiant altar of Vehumet.
  3181 | D:3      | Found a bloodstained altar of Trog.
  3184 | D:3      | Found an iron altar of Okawaru.
  3187 | D:3      | Found a basalt altar of Yredelemnul.
  3193 | D:3      | Became a worshipper of Warmaster Okawaru
  3554 | D:3      | Noticed Grinder
  3773 | D:4      | Reached skill level 1 in Stealth
  3798 | D:4      | Reached XP level 6. HP: 48/48 MP: 8/11
  4162 | D:4      | Reached skill level 5 in Unarmed Combat
  4509 | D:5      | Entered Level 5 of the Dungeon
  4586 | D:5      | Reached * piety under Okawaru
  4587 | D:5      | Your scales start taking on a dull iron-grey colour.
  4587 | D:5      | Reached XP level 7. HP: 22/55 MP: 10/12
  4969 | D:5      | Reached skill level 6 in Unarmed Combat
  5000 | D:5      | Mangled by a gnoll sergeant

Illustrated notes

Levels and vault maps discovered:
D:1:      sevenhm_arrival_forest_fort_large_4, layout_loops_corners,
          hellmonk_ecumenical_altar_leap_of_faith, kennysheep_crisscross,
          minmay_misc_feat_tiny, minmay_hexomino_f4
D:2:      layout_basic, serial_bayou_lake_a, uniq_jessica
D:3:      layout_loops_cross, nicolae_hepliaklqana_monster_ancestors,
          grunt_temple_overflow_cloverleaf, uniq_grinder
D:4:      layout_loops_ring, minmay_misc_feat_cross
D:5:      layout_rooms, minmay_divided_ellipse

Skill      XL: |  1  2  3  4  5  6  7 |
---------------+----------------------+-----
Dodging        | 2 3 |  3.5
Unarmed Combat | 4 5 6 |  6.0
Spellcasting   | 3 4 |  4.4
Stealth        | 1 |  1.2
Transmutations | 3 |  3.7
Fighting       | 2 |  2.1
Short Blades   | |  0.1

Action                   |  1- 3 |  4- 6 |  7- 9 || total
-------------------------+-------+-------+-------++-------
Melee: Unarmed           |    79 |   135 |    82 ||   296
       Headbutt          |    10 |    18 |    12 ||    40
       Kick              |     6 |    17 |    22 ||    45
       Tailslap          |     6 |    20 |    12 ||    38
       Punch             |     2 |     2 |     3 ||     7
       Dagger            |       |    15 |       ||    15
Throw: Stone             |     3 |       |       ||     3
 Cast: Beastly Appendage |    16 |    28 |     9 ||    53
Invok: Heroism           |       |       |     2 ||     2
 Stab: Sleeping          |       |     1 |       ||     1
Armor: Skin              |    19 |    47 |    27 ||    93
Dodge: Dodged            |    38 |    83 |    43 ||   164

Table legend: (Time is in decaauts)
 A = Elapsed time spent in this place.
 B = Non-inter-level travel time spent in this place.
 C = Inter-level travel time spent in this place.
 D = Time resting spent in this place.
 E = Time spent auto-exploring this place.
 F = Levels seen in this place.
 G = Mean time per level.
                   A        B        C        D        E       F      G
               +--------+--------+--------+--------+--------+-----+--------+
         Total |   5021 |   4861 |    160 |    821 |   3166 |   5 | 1004.2 |
       Dungeon |   5021 |   4861 |    160 |    821 |   3166 |   5 | 1004.2 |
               +--------+--------+--------+--------+--------+-----+--------+

Top non-repeatable levels by time:
     D:1: 1678 daAuts
     D:2: 1218 daAuts
     D:3: 892 daAuts
     D:4: 753 daAuts
     D:5: 478 daAuts
